 Dungeon Crawl Stone Soup version 0.25-a0-246-g58704a1ebd (webtiles) character file.

Game seed: 278624005824652283, levelgen mode: classic

279 Borgoz the Cutter (level 6, 0/63 HPs)
             Began as a Halfling Gladiator on Dec 4, 2019.
             Succumbed to Duvessa's poison
             ... on level 4 of the Dungeon.
             The game lasted 00:04:58 (3169 turns).

Borgoz the Cutter (Halfling Gladiator)              Turns: 3169, Time: 00:04:58

Health: 0/63       AC: 23    Str: 16 (17) XL:     6   Next: 52%
Magic:  6/6        EV:  3    Int:  4 (6)  God:
Gold:   85         SH:  0    Dex: 20 (21) Spells: 5/5 levels left

rFire    . . .     SeeInvis .   a - +0 rapier
rCold    . . .     Gourm    .   (shield restricted)
rNeg     + + +     Faith    .   (armour currently unavailable)
rPois    +         Spirit   .   (helmet currently unavailable)
rElec    .         Reflect  .   (cloak currently unavailable)
rCorr    .         Harm     .   (gloves currently unavailable)
MR       .....     NoTele   +   (boots currently unavailable)
Stlth    +++.......             (no amulet)
HPRegen  0.20/turn              (no ring)
MPRegen  0.10/turn              (no ring)

@: agile, lethally poisoned (0 -> -55), tree-form
A: small, mutation resistance 1
a: no special abilities


You were on level 4 of the Dungeon.
You were hungry.
You were a tree.
You visited 1 branch of the dungeon, and saw 4 of its levels.

You collected 85 gold pieces.

Inventory:

Hand Weapons
 a - a +0 rapier (weapon)
Missiles
 d - 2 throwing nets (quivered)
Armour
 b - a +0 leather armour (melded)
 c - a +0 helmet (melded)
 o - a +0 pair of gloves (melded)
Scrolls
 e - 2 scrolls of remove curse {unknown}
 h - 2 scrolls of blinking
 k - a scroll of amnesia {unknown}
 n - 2 scrolls of enchant weapon {unknown}
 q - 2 scrolls of teleportation {unknown}
Potions
 g - a potion of degeneration
 i - 2 potions of lignification
 l - a potion of mutation
 p - a potion of magic
Comestibles
 f - 4 rations


   Skills:
 * Level 3.2 Fighting
 * Level 5.1 Short Blades
 - Level 2.0 Throwing
 + Level 2.0 Armour
 * Level 4.8 Dodging
 + Level 2.1 Stealth


You had 5 spell levels left.
You didn't know any spells.
Your spell library was empty.

Dungeon Overview and Level Annotations

Branches:
Dungeon (4/15)
 Temple: D:4-7

Altars:

Shops:
D:4 (

Annotations:
D:4 Dowan, Duvessa


Innate Abilities, Weirdness & Mutations

You are small and have problems with some larger weapons.
You are somewhat resistant to further mutation.


Message History

You closely miss Duvessa.
Duvessa is almost dead.
* * * LOW HITPOINT WARNING * * *
You feel very sick. The hound bites you but does no damage.
Dowan hits you but does no damage. The hound barely misses you.
Duvessa hits you but does no damage.
You are more poisoned.
Okay, then.
Okay, then.
Sorry, you're not good enough to have a special ability.
You don't know any spells.
You hit Duvessa.
Duvessa is almost dead.
You are feeling hungry.
* * * LOW HITPOINT WARNING * * *
You feel very sick. Dowan hits you but does no damage.
The hound bites you but does no damage.
You closely miss Duvessa.
Duvessa is almost dead.
You die...

...# #. ... #.
.... #. ...
#####.##.#.#
.........#.#
.......h.#.#
......e♣.#.#
........e..#
##+##+##...######
#.##.##..>.?...#
#.##.8..∩..8.#.
#.##.####.####.##
#.......#........
#.##.####..###.##
#.##.# #..# #.#


You could see Duvessa, Dowan and a hound.

Vanquished Creatures
  A phantom (D:3)
  A centaur skeleton (D:3)
  Natasha (D:2)
  Robin (D:2)
  A gnoll (D:2)
  4 adders
  A worm (D:3)
  A dart slug (D:3)
  4 leopard geckos
  10 orcs (D:3)
  A ball python (D:2)
  8 bats
  2 giant cockroaches
  11 goblins
  8 hobgoblins
  2 jackals (D:2)
  3 kobolds
  A quokka (D:4)
  3 frilled lizards
  6 rats
70 creatures vanquished.

Notes
Turn   | Place    | Note
-------+----------+-------------------------------------------
     0 | D:1      | Borgoz the Halfling Gladiator began the quest for the Orb.
     0 | D:1      | Reached XP level 1. HP: 14/14 MP: 1/1
   218 | D:1      | Reached XP level 2. HP: 18/19 MP: 2/2
   923 | D:2      | Reached skill level 4 in Short Blades
   923 | D:2      | Reached XP level 3. HP: 23/24 MP: 3/3
   989 | D:2      | Found a faded altar of an unknown god.
  1008 | D:2      | Reached skill level 1 in Stealth
  1225 | D:2      | Noticed Natasha
  1231 | D:2      | Killed Natasha
  1231 | D:2      | Reached XP level 4. HP: 21/30 MP: 4/4
  1241 | D:2      | Reached skill level 1 in Armour
  1514 | D:2      | Noticed Robin
  1801 | D:2      | Killed Robin
  1801 | D:2      | Reached XP level 5. HP: 18/35 MP: 5/5
  2438 | D:3      | Noticed a phantom
  2491 | D:3      | Killed a phantom
  2491 | D:3      | Reached skill level 5 in Short Blades
  2491 | D:3      | Reached XP level 6. HP: 7/42 MP: 6/6
  3028 | D:4      | Found Geerofunk's Antique Weapon Shoppe.
  3136 | D:4      | Noticed Dowan
  3138 | D:4      | Noticed Duvessa
  3168 | D:4      | HP: 3/63 [poisoned by Duvessa]
  3169 | D:4      | Succumbed to Duvessa's poison

Levels and vault maps discovered:
D:1:      dpeg_arrival_rhombi, layout_basic, hangedman_decor_push
D:2:      minmay_skewed_foursquare, layout_loops_corners, lemuel_blue_sif_altar,
          first_ration, chequers_ecumenical_altar_twisty, uniq_natasha,
          uniq_robin
D:3:      layout_basic
D:4:      layout_basic, dancing_weapons_uskayaw, temple_statues, serial_shops,
          shop_statue, uniq_duvessa

Skill      XL: |  1  2  3  4  5  6 |
---------------+-------------------+-----
Fighting       | 2 3 |  3.2
Short Blades   | 4 5 |  5.1
Stealth        | 1 2 |  2.1
Armour         | 1 2 |  2.0
Dodging        | 4 |  4.8
Throwing       | |  2.0

Action                   |  1- 3 |  4- 6 || total
-------------------------+-------+-------++-------
Melee: Rapier            |    75 |   228 ||   303
Throw: Throwing net      |       |     1 ||     1
  Use: Scroll            |     1 |     4 ||     5
       Potion            |       |     5 ||     5
 Stab: Sleeping          |       |     3 ||     3
  Eat: Chunk             |     1 |     6 ||     7
Armor: Leather armour    |    12 |    47 ||    59
       Skin              |       |    52 ||    52
Dodge: Dodged            |    54 |   181 ||   235

Table legend:
 A = Non-vault XP
 B = Vault XP
 C = Vault XP percentage of total XP
 D = Non-vault monster count
 E = Vault monster count
 F = Vault count percentage of total count
                 A         B        C        D         E       F
            +---------+---------+-------+---------+---------+-------
      Total |     311 |      88 |  22.1 |      55 |      15 |  21.4
            +---------+---------+-------+---------+---------+-------
        D:1 |      22 |       2 |   8.3 |      13 |       1 |   7.1
        D:2 |      37 |      86 |  69.9 |      16 |      14 |  46.7
        D:3 |     237 |       0 |   0.0 |      24 |       0 |   0.0
        D:4 |      15 |       0 |   0.0 |       2 |       0 |   0.0
            +---------+---------+-------+---------+---------+-------
